[ AOE2 MATCH · #504668405 ]
UnrankedCelts vs Bengalis
Player's team · LOSS
Rival team · WIN
[ REPLAY ANALYSIS · EXTRACTED FROM THE RECORDED GAME ]
Feudal
10:10
Castle
22:50
Imperial
45:13
| APM avg | 66.6 |
| APM peak | 99 |
| eAPM avg | 35.1 |
| Villagers / military | 180 / 175 |
Focus
⚔️ 47.7% · 🌾 52.3%
Spearman ×75 · Woad Raider ×43 · Skirmisher ×28 · Archer ×10 · Knight ×6 · Monk ×4
Feudal
8:26
Castle
22:35
Imperial
39:24
| APM avg | 81.9 |
| APM peak | 165 |
| eAPM avg | 39.1 |
| Villagers / military | 199 / 150 |
Focus
⚔️ 53.5% · 🌾 46.5%
Ratha (Ranged) ×86 · Monk ×31 · Skirmisher ×27 · Trebuchet (Packed) ×4 · Archer ×1 · Mangonel ×1
Match map
Initial resources + every placement click. Lines = walls · curves = elevation contours. ◆ gold · ⬟ stone · ● berries · ✦ relic · ◌ wall gap
Your base· Open — unwalled flank
Chavah's base· Open — 1t gap
Smoothed initial terrain · ◌ = detected wall gap · hover for details
Inputs per minute
— Dennis哥 - - Chavah
Build order — Dennis哥
First 150 of 566 actions detected
| 0:00 | Create | Villager (Male) ×4 |
| 0:02 | Build | House |
| 0:03 | Build | House |
| 1:22 | Create | Villager (Male) |
| 1:52 | Build | Lumber Camp |
| 1:56 | Create | Villager (Male) |
| 1:56 | Create | Villager (Male) |
| 2:22 | Create | Villager (Male) |
| 2:22 | Create | Villager (Male) |
| 2:48 | Create | Villager (Male) |
| 2:48 | Create | Villager (Male) |
| 3:14 | Create | Villager (Male) |
| 3:14 | Create | Villager (Male) |
| 3:40 | Build | House |
| 3:44 | Create | Villager (Male) |
| 3:45 | Create | Villager (Male) |
| 4:07 | Build | Barracks |
| 4:09 | Create | Villager (Male) |
| 4:09 | Create | Villager (Male) |
| 4:27 | Create | Villager (Male) |
| 4:27 | Create | Villager (Male) |
| 4:31 | Build | House |
| 4:47 | Create | Villager (Male) |
| 4:47 | Create | Villager (Male) |
| 5:10 | Create | Militia |
| 5:21 | Create | Villager (Male) |
| 5:31 | Build | House |
| 5:35 | Create | Militia |
| 5:42 | Build | Mill |
| 5:53 | Create | Villager (Male) |
| 6:15 | Create | Villager (Male) |
| 6:43 | Create | Villager (Male) |
| 7:05 | Create | Villager (Male) |
| 7:22 | Build | Mining Camp |
| 7:31 | Research | Loom |
| 8:00 | Research | Feudal Age |
| 8:01 | Research | Feudal Age |
| 8:21 | Create | Militia |
| 8:48 | Create | Militia |
| 9:11 | Build | Mill |
| 9:18 | Create | Villager (Male) |
| 10:00 | Create | Villager (Male) |
| 10:10 | Age | Feudal Age |
| 10:12 | Build | Archery Range |
| 10:13 | Build | Archery Range |
| 10:15 | Research | Man-at-Arms (upgrade) |
| 10:16 | Research | Man-at-Arms (upgrade) |
| 10:19 | Research | Double-Bit Axe |
| 10:20 | Research | Double-Bit Axe |
| 10:29 | Create | Spearman |
| 10:45 | Build | House |
| 10:54 | Create | Villager (Male) |
| 10:57 | Build | Farm |
| 11:01 | Build | Farm |
| 11:05 | Create | Archer |
| 11:13 | Build | Watch Tower |
| 11:17 | Create | Archer |
| 11:22 | Create | Villager (Male) |
| 11:22 | Create | Villager (Male) |
| 11:37 | Build | Farm |
| 11:44 | Create | Archer |
| 11:54 | Create | Villager (Male) |
| 11:54 | Create | Villager (Male) |
| 12:03 | Build | House |
| 12:14 | Build | House |
| 12:16 | Build | House |
| 12:25 | Create | Archer |
| 12:33 | Create | Villager (Male) |
| 12:37 | Build | Mining Camp |
| 12:49 | Create | Villager (Male) |
| 12:53 | Build | Blacksmith |
| 13:12 | Create | Villager (Male) |
| 13:28 | Create | Villager (Male) |
| 13:29 | Build | Farm |
| 13:31 | Build | Farm |
| 13:45 | Build | Farm |
| 13:51 | Create | Archer |
| 13:53 | Create | Villager (Male) |
| 13:53 | Create | Villager (Male) |
| 14:20 | Build | Watch Tower |
| 14:25 | Research | Fletching |
| 14:25 | Research | Fletching |
| 14:27 | Build | Farm |
| 14:38 | Build | House |
| 14:39 | Build | House |
| 14:45 | Create | Villager (Male) |
| 15:01 | Create | Villager (Male) |
| 15:03 | Create | Archer |
| 15:09 | Build | Farm |
| 15:13 | Create | Archer |
| 15:13 | Create | Archer |
| 15:14 | Create | Villager (Male) |
| 15:32 | Create | Villager (Male) |
| 15:42 | Create | Archer |
| 15:44 | Create | Villager (Male) |
| 16:01 | Build | Farm |
| 16:07 | Create | Villager (Male) |
| 16:21 | Create | Archer |
| 16:22 | Create | Villager (Male) |
| 16:25 | Build | Farm |
| 16:39 | Create | Skirmisher |
| 16:39 | Create | Skirmisher |
| 16:40 | Create | Villager (Male) |
| 16:48 | Build | Farm |
| 17:07 | Build | Watch Tower |
| 17:13 | Create | Villager (Male) |
| 17:19 | Create | Skirmisher |
| 17:19 | Create | Skirmisher |
| 18:00 | Create | Villager (Male) |
| 18:02 | Create | Skirmisher |
| 18:02 | Create | Skirmisher |
| 18:35 | Build | Market |
| 18:39 | Build | House |
| 18:44 | Create | Villager (Male) |
| 18:46 | Build | House |
| 19:03 | Create | Villager (Male) |
| 19:18 | Create | Villager (Male) |
| 19:35 | Build | Lumber Camp |
| 19:49 | Create | Villager (Male) |
| 20:01 | Research | Castle Age |
| 20:01 | Research | Castle Age |
| 20:10 | Create | Skirmisher |
| 20:10 | Create | Skirmisher |
| 20:19 | Research | Horse Collar |
| 20:19 | Research | Horse Collar |
| 20:20 | Build | Farm |
| 20:26 | Build | House |
| 20:31 | Build | Farm |
| 20:35 | Build | Palisade Wall |
| 20:36 | Build | Palisade Wall |
| 20:51 | Build | Palisade Wall |
| 21:00 | Create | Skirmisher |
| 21:00 | Create | Skirmisher |
| 21:02 | Research | Padded Archer Armor |
| 21:02 | Research | Padded Archer Armor |
| 21:08 | Build | Farm |
| 21:19 | Create | Skirmisher |
| 21:19 | Create | Skirmisher |
| 21:44 | Build | Palisade Wall |
| 21:47 | Build | Palisade Wall |
| 21:59 | Build | Stable |
| 22:02 | Research | Scale Barding Armor |
| 22:02 | Research | Scale Barding Armor |
| 22:12 | Build | Watch Tower |
| 22:16 | Create | Skirmisher |
| 22:17 | Create | Skirmisher |
| 22:27 | Build | Stable |
| 22:36 | Create | Villager (Male) |
| 22:45 | Build | Palisade Wall |
| 22:50 | Age | Castle Age |
Build order — Chavah
First 150 of 541 actions detected
| 0:01 | Create | Villager (Male) |
| 0:01 | Create | Villager (Male) |
| 0:02 | Build | House |
| 0:03 | Build | House |
| 0:07 | Create | Villager (Male) |
| 0:07 | Create | Villager (Male) |
| 1:24 | Create | Villager (Male) |
| 1:24 | Create | Villager (Male) |
| 1:56 | Create | Villager (Male) |
| 2:24 | Create | Villager (Male) |
| 2:29 | Build | Lumber Camp |
| 2:49 | Create | Villager (Male) |
| 3:03 | Create | Villager (Male) |
| 3:03 | Create | Villager (Male) |
| 3:16 | Create | Villager (Male) |
| 3:16 | Create | Villager (Male) |
| 3:38 | Create | Villager (Male) |
| 3:49 | Build | House |
| 3:57 | Create | Villager (Male) |
| 3:57 | Create | Villager (Male) |
| 4:17 | Create | Villager (Male) |
| 4:35 | Build | Mill |
| 5:17 | Create | Villager (Male) |
| 5:22 | Research | Loom |
| 5:59 | Build | Palisade Wall |
| 6:01 | Build | Palisade Wall |
| 6:11 | Build | Palisade Wall |
| 6:12 | Research | Feudal Age |
| 6:12 | Research | Feudal Age |
| 6:17 | Build | Palisade Wall |
| 6:21 | Build | Palisade Wall |
| 6:25 | Build | Palisade Wall |
| 6:27 | Build | Palisade Wall |
| 6:28 | Build | Palisade Wall |
| 6:28 | Build | Palisade Wall |
| 6:29 | Build | Palisade Wall |
| 6:36 | Build | Palisade Wall |
| 6:39 | Build | Palisade Wall |
| 6:43 | Build | Palisade Wall |
| 6:44 | Build | Palisade Wall |
| 7:20 | Build | Palisade Wall |
| 7:23 | Create | Villager (Male) |
| 7:24 | Build | Palisade Wall |
| 7:26 | Build | Palisade Wall |
| 7:30 | Build | House |
| 7:57 | Build | Lumber Camp |
| 8:26 | Age | Feudal Age |
| 8:26 | Research | Double-Bit Axe |
| 8:26 | Research | Double-Bit Axe |
| 8:39 | Create | Villager (Male) |
| 8:50 | Research | Horse Collar |
| 9:03 | Build | House |
| 9:09 | Create | Villager (Male) |
| 9:11 | Build | Farm |
| 9:17 | Build | Farm |
| 9:17 | Create | Villager (Male) |
| 9:23 | Build | House |
| 9:39 | Build | Farm |
| 9:43 | Create | Villager (Male) |
| 10:04 | Build | Barracks |
| 10:13 | Create | Villager (Male) |
| 10:14 | Create | Villager (Male) |
| 10:43 | Create | Villager (Male) |
| 10:48 | Build | Archery Range |
| 11:01 | Build | Farm |
| 11:14 | Create | Villager (Male) |
| 11:14 | Create | Villager (Male) |
| 11:16 | Build | Farm |
| 11:17 | Build | Farm |
| 11:22 | Build | Farm |
| 11:24 | Create | Archer |
| 11:39 | Build | Watch Tower |
| 11:49 | Create | Villager (Male) |
| 11:52 | Create | Skirmisher |
| 11:55 | Build | Farm |
| 12:02 | Build | Stone Wall |
| 12:04 | Build | Stone Wall |
| 12:06 | Build | Stone Wall |
| 12:09 | Build | Stone Wall |
| 12:16 | Build | House |
| 12:19 | Build | Stone Wall |
| 12:21 | Create | Villager (Male) |
| 12:32 | Create | Villager (Male) |
| 12:32 | Create | Villager (Male) |
| 12:40 | Create | Skirmisher |
| 12:42 | Build | Farm |
| 12:44 | Build | House |
| 12:54 | Create | Villager (Male) |
| 13:01 | Create | Skirmisher |
| 13:23 | Create | Villager (Male) |
| 13:29 | Build | Blacksmith |
| 13:35 | Build | Farm |
| 13:36 | Create | Villager (Male) |
| 13:49 | Build | House |
| 13:52 | Build | Mining Camp |
| 14:07 | Build | House |
| 14:13 | Create | Skirmisher |
| 14:29 | Create | Villager (Male) |
| 14:36 | Build | Farm |
| 14:38 | Build | Farm |
| 14:42 | Build | House |
| 14:45 | Research | Fletching |
| 14:45 | Research | Fletching |
| 14:47 | Create | Skirmisher |
| 14:48 | Create | Skirmisher |
| 14:50 | Create | Villager (Male) |
| 15:07 | Create | Skirmisher |
| 15:07 | Create | Skirmisher |
| 15:07 | Create | Skirmisher |
| 15:23 | Create | Skirmisher |
| 15:29 | Create | Villager (Male) |
| 15:33 | Create | Skirmisher |
| 15:41 | Create | Skirmisher |
| 15:55 | Create | Skirmisher |
| 16:15 | Create | Villager (Male) |
| 16:25 | Create | Skirmisher |
| 16:28 | Create | Villager (Male) |
| 16:37 | Create | Skirmisher |
| 16:42 | Create | Villager (Male) |
| 16:54 | Build | Farm |
| 16:57 | Create | Villager (Male) |
| 17:06 | Create | Skirmisher |
| 17:16 | Build | Mining Camp |
| 18:01 | Create | Villager (Male) |
| 18:02 | Create | Skirmisher |
| 18:06 | Build | House |
| 18:11 | Build | House |
| 18:12 | Build | House |
| 18:15 | Create | Villager (Male) |
| 18:30 | Create | Villager (Male) |
| 18:34 | Build | Farm |
| 18:42 | Create | Skirmisher |
| 18:51 | Build | Market |
| 19:23 | Create | Villager (Male) |
| 19:32 | Create | Skirmisher |
| 19:42 | Create | Villager (Male) |
| 19:44 | Create | Skirmisher |
| 19:56 | Research | Castle Age |
| 20:05 | Create | Skirmisher |
| 20:23 | Create | Skirmisher |
| 20:29 | Research | Stone Mining |
| 20:30 | Research | Stone Mining |
| 20:34 | Create | Villager (Male) |
| 20:54 | Create | Skirmisher |
| 21:01 | Create | Villager (Male) |
| 21:15 | Create | Skirmisher |
| 21:24 | Build | House |
| 21:25 | Build | Palisade Wall |
| 21:46 | Research | Gold Mining |
| 21:46 | Research | Gold Mining |
Match timeline
| 4:07 | Dennis哥 · first_building Barracks |
| 5:59 | Chavah · wall_segment Palisade Wall x1 |
| 6:01 | Chavah · wall_segment Palisade Wall x1 |
| 6:11 | Chavah · wall_segment Palisade Wall x1 |
| 6:17 | Chavah · wall_segment Palisade Wall x1 |
| 6:21 | Chavah · wall_segment Palisade Wall x1 |
| 6:25 | Chavah · wall_segment Palisade Wall x1 |
| 6:27 | Chavah · wall_segment Palisade Wall x1 |
| 6:28 | Chavah · wall_segment Palisade Wall x1 |
| 6:28 | Chavah · wall_segment Palisade Wall x1 |
| 6:29 | Chavah · wall_segment Palisade Wall x1 |
| 6:36 | Chavah · wall_segment Palisade Wall x1 |
| 6:39 | Chavah · wall_segment Palisade Wall x3 |
| 6:43 | Chavah · wall_segment Palisade Wall x1 |
| 6:44 | Chavah · wall_segment Palisade Wall x1 |
| 7:20 | Chavah · wall_segment Palisade Wall x1 |
| 7:24 | Chavah · wall_segment Palisade Wall x1 |
| 7:26 | Chavah · wall_segment Palisade Wall x1 |
| 8:26 | Chavah · age_up feudal |
| 10:04 | Chavah · first_building Barracks |
| 10:10 | Dennis哥 · age_up feudal |
| 10:12 | Dennis哥 · first_building Archery Range |
| 10:48 | Chavah · first_building Archery Range |
| 12:02 | Chavah · wall_segment Stone Wall x1 |
| 12:04 | Chavah · wall_segment Stone Wall x1 |
| 12:06 | Chavah · wall_segment Stone Wall x1 |
| 12:09 | Chavah · wall_segment Stone Wall x2 |
| 12:19 | Chavah · wall_segment Stone Wall x1 |
| 19:48 | Chavah · first_market_buy 100 food |
| 19:55 | Chavah · first_market_sell 100 wood |
| 19:58 | Dennis哥 · first_market_buy 100 food |
| 20:00 | Dennis哥 · first_market_sell 100 wood |
| 20:35 | Dennis哥 · wall_segment Palisade Wall x6 |
| 20:36 | Dennis哥 · wall_segment Palisade Wall x1 |
| 20:51 | Dennis哥 · wall_segment Palisade Wall x9 |
| 21:25 | Chavah · wall_segment Palisade Wall x2 |
| 21:44 | Dennis哥 · wall_segment Palisade Wall x7 |
| 21:47 | Dennis哥 · wall_segment Palisade Wall x5 |
| 21:59 | Dennis哥 · first_building Stable |
| 22:35 | Chavah · age_up castle |
| 22:45 | Dennis哥 · wall_segment Palisade Wall x5 |
| 22:50 | Dennis哥 · age_up castle |
| 23:20 | Chavah · first_building Monastery |
| 23:57 | Dennis哥 · wall_segment Palisade Wall x2 |
| 25:35 | Chavah · wall_segment Palisade Wall x1 |
| 27:05 | Dennis哥 · first_building Siege Workshop |
| 28:34 | Chavah · wall_segment Palisade Wall x1 |
| 28:54 | Dennis哥 · first_building Monastery |
| 31:50 | Dennis哥 · first_building Castle |
| 35:35 | Chavah · first_building Castle |
| 37:20 | Chavah · first_building Stable |
| 37:22 | Dennis哥 · wall_segment Stone Wall x1 |
| 37:23 | Dennis哥 · wall_segment Stone Wall x1 |
| 37:23 | Dennis哥 · wall_segment Stone Wall x1 |
| 37:24 | Dennis哥 · wall_segment Stone Wall x1 |
| 37:27 | Dennis哥 · wall_segment Stone Wall x1 |
| 39:24 | Chavah · age_up imperial |
| 45:13 | Dennis哥 · age_up imperial |
| 49:09 | Dennis哥 · resign |
[ AI ANALYSIS · 1 CREDIT ]
What really happened in this match?
Wolo.gg analyzes every decision: build order, eco, micro, common mistakes by bracket. Personalized analysis on WhatsApp or Discord in 30 seconds.
Civ guide
Celts
Perfil
Dennis